 Dungeon Crawl Stone Soup version 0.26-a0-113-gd8a95b691d (webtiles) character file.

Game seed: 14528618465980919997

81 bmfx the Skirmisher (level 4, -3/37 HPs)
             Began as a Human Chaos Knight on June 26, 2020.
             Was a Plaything of Xom.
             Slain by Grinder (4 damage)
             ... on level 3 of the Dungeon.
             The game lasted 00:05:38 (2406 turns).

bmfx the Skirmisher (Human Chaos Knight)            Turns: 2406, Time: 00:05:38

Health: -3/37      AC:  5    Str: 12 (14) XL:     4   Next: 68%
Magic:  4/4        EV: 11    Int:  9 (12) God:    Xom [.*....]
Gold:   95         SH:  0    Dex: 10 (12) Spells: 3/3 levels left

rFire    . . .     SeeInvis .   a - +0 short sword (chaos)
rCold    . . .     Faith    .   (no shield)
rNeg     . . .     Spirit   .   b - +2 leather armour
rPois    .         Reflect  .   (no helmet)
rElec    .         Harm     .   (no cloak)
rCorr    .                      (no gloves)
MR       .....                  (no boots)
Stlth    +.........             (no amulet)
HPRegen  0.12/turn              (no ring)
MPRegen  0.09/turn              (no ring)

@: no status effects
A: no striking features
a: Renounce Religion


You were on level 3 of the Dungeon.
You worshipped Xom.
You were a plaything of Xom.
You were hungry.

You visited 1 branch of the dungeon, and saw 3 of its levels.

You collected 95 gold pieces.

Dungeon Overview and Level Annotations

Branches:
Dungeon (3/15)

Altars:
Nemelex Xobeh

Annotations:
D:1 exclusion: kobold
D:3 Grinder


   Skills:
 - Level 4.0 Fighting
 - Level 4.0 Short Blades
 + Level 1.4 Slings
 - Level 2.0 Armour
 - Level 1.0 Dodging


You had 3 spell levels left.
You didn't know any spells.
Your spell library was empty.

Action                   |  1- 3 |  4- 6 || total
-------------------------+-------+-------++-------
Melee: Short sword       |   113 |    37 ||   150
 Fire: Hunting sling     |       |     8 ||     8
  Use: Scroll            |     4 |       ||     4
       Potion            |       |     3 ||     3
  Eat: Chunk             |     3 |     1 ||     4
Armor: Leather armour    |    61 |    15 ||    76
Dodge: Dodged            |    72 |    33 ||   105

Skill      XL: |  1  2  3  4 |
---------------+-------------+-----
Fighting       | 4 |  4.0
Short Blades   | 4 |  4.0
Slings         | 1 |  1.4
Armour         | |  2.0
Dodging        | |  1.0

Inventory:

Hand Weapons
 a - a +0 short sword of chaos (weapon)
 d - a +0 dagger
 o - a +0 short sword
 w - a +0 hunting sling
Missiles
 i - 6 poisoned darts
 s - 164 stones (quivered)
 u - 10 sling bullets
Armour
 b - a +2 leather armour (worn)
 n - a +0 chain mail
Scrolls
 f - a scroll of magic mapping
 k - a scroll of fog {unknown}
 p - a scroll of identify {unknown}
 q - a scroll of teleportation {unknown}
Potions
 c - a potion of resistance {unknown}
 g - a potion of degeneration
 h - a potion of curing {@q2}
 j - a potion of brilliance {unknown}
 l - a potion of lignification {unknown}
Comestibles
 e - 5 rations

,,,*,,,,,,**,+ , ,,* ,*, , , ,
, , , ,,** ,,, * ,*,, , , ,,
,.,, *, ,,,,** *## * **** ,**
, ,.., ,, , ,**,...,,,,,,, ,
,,,, ,...,,,,,,,,,+.... ,,,, *
,* * *,.... ,,######.).. ,,,,
, **, * **.....,,
..........##.*** *,*
*,**......###>$....##.#.. **
,,,,,,,,,.......@5o..........,
* ,,,, ,,
##.######.......#.#,,,,, ,, ,,
#.# #.........# ,, * ,, ,
,,,###.######.........#,,,*
,,,,, ,
#..............<...#.#+** ,,,,
,, #.#.###...............,,,
,,,** * #...................,,
**,* * **
#$.#########....#..., ,* *, *
#..# *.....<... ,


You could see Grinder and an orc.

Vanquished Creatures
  3 adders
  An ooze (D:1)
  A worm (D:2)
  A dart slug (D:1)
  2 leopard geckos
  2 giant cockroaches
  6 goblins
  4 hobgoblins (D:2)
  6 jackals
  4 kobolds (D:2)
  7 bats
  3 frilled lizards
  4 rats
44 creatures vanquished.

Levels and vault maps discovered:
D:1:      lemuel_arrival_room, layout_basic, serial_forest,
          infiniplex_forest_end_3, infiniplex_forest_clump_tiny,
          infiniplex_forest_side_room, infiniplex_forest_zigzag_1,
          lemuel_flame_loot_1
D:2:      layout_basic, lemuel_crystal_altar, hangedman_decor_growths,
          minmay_heptomino_d4
D:3:      layout_basic, lemuel_round_altar, first_ration, uniq_terence,
          uniq_grinder, uniq_robin


Message History

* * * LOW HITPOINT WARNING * * *
You feel better. The orc hits you.
* * * LOW HITPOINT WARNING * * *
Grinder gestures at you.
You barely resist. You open the door. The orc hits you.
* * * LOW HITPOINT WARNING * * *
There is an open door here.
Xom grants you insight.
You feel aware of your surroundings.
You are now a plaything of Xom.
It was a potion of degeneration.
There was something very wrong with that liquid.
You feel weakened.
You feel dopey.
You feel clumsy.
Xom thinks this is hilarious!
Grinder hits you.
* * * LOW HITPOINT WARNING * * *
You writhe in agony.
You die...
Xom roars with laughter!

Notes
Turn   | Place    | Note
-------+----------+-------------------------------------------
     0 | D:1      | bmfx the Human Chaos Knight began the quest for the Orb.
     0 | D:1      | Reached XP level 1. HP: 18/18 MP: 1/1
    18 | D:1      | XOM: potion effect (might)
    88 | D:1      | Reached XP level 2. HP: 23/24 MP: 2/2
   527 | D:1      | Reached XP level 3. HP: 25/29 MP: 3/3
  1244 | D:2      | Found a sparkling altar of Nemelex Xobeh.
  1663 | D:2      | XOM: silly message
  1833 | D:2      | Reached XP level 4. HP: 37/37 MP: 4/4
  1993 | D:2      | Reached skill level 1 in Slings
  2118 | D:2      | XOM: 11-stop teleportation journey
  2343 | D:3      | Noticed Grinder
  2343 | D:3      | XOM: repel stairs
  2346 | D:3      | Paralysed by Grinder for 7 turns
  2390 | D:3      | Paralysed by Grinder for 7 turns
  2405 | D:3      | XOM: divination: magic mapping
  2406 | D:3      | HP: 1/37 [Grinder (3)]
  2406 | D:3      | Slain by Grinder
